 Dungeon Crawl Stone Soup version 0.20-a0-269-g17f5411 (webtiles) character file.

81 Leibowitz the Cutter (level 4, -8/37 HPs)
             Began as a Demigod Gladiator on Dec 9, 2016.
             Mangled by a wyvern skeleton (14 damage)
             ... on level 3 of the Dungeon.
             The game lasted 00:04:07 (1825 turns).

Leibowitz the Cutter (Demigod Gladiator)            Turns: 1825, Time: 00:04:07

Health: -8/37      AC:  4    Str: 18    XL:     4   Next: 0%
Magic:  6/6        EV: 14    Int: 12    God:
Gold:   101        SH:  0    Dex: 21    Spells: 3/3 levels left

rFire  . . .     SeeInvis .     a - +0 rapier
rCold  . . .     Gourm    .     b - +0 leather armour
rNeg   . . .     Faith    .     (no shield)
rPois  .         Spirit   .     c - +0 helmet
rElec  .         Reflect  .     (no cloak)
rCorr  .         Harm     .     (no gloves)
MR     .....                    (no boots)
Stlth  +++.......               (no amulet)
                                k - +3 ring of dexterity
                                g - ring of stealth

@: no status effects
A: high mp 1
a: no special abilities


You were on level 3 of the Dungeon.
You were hungry.

You visited 1 branch of the dungeon, and saw 3 of its levels.

You collected 101 gold pieces.

Inventory:

Hand Weapons
 a - a +0 rapier (weapon)
Missiles
 d - 3 throwing nets (quivered)
 e - 4 javelins
 r - 23 poisoned needles
Armour
 b - a +0 leather armour (worn)
 c - a +0 helmet (worn)
Jewellery
 g - a ring of stealth (left hand)
 k - a +3 ring of dexterity (right hand)
Scrolls
 h - 2 scrolls of random uselessness {unknown}
 i - 2 scrolls of remove curse {unknown}
 l - 3 scrolls of fog {unknown}
 m - 2 scrolls of amnesia {unknown}
 n - 3 scrolls of identify {unknown}
Potions
 j - a potion of heal wounds {unknown}
 p - a potion of ambrosia {unknown}
 q - 2 potions of curing {unknown}
 t - a potion of flight {unknown}
Comestibles
 f - a bread ration
 o - a beef jerky
 s - a royal jelly


   Skills:
 + Level 2.4 Fighting
 + Level 3.2 Short Blades
 + Level 1.7 Throwing
 + Level 1.2 Armour
 * Level 3.1 Dodging
 * Level 1.4 Stealth


You had 3 spell levels left.
You didn't know any spells.

Dungeon Overview and Level Annotations

Branches:
Dungeon (3/15)


Innate Abilities, Weirdness & Mutations

You have an increased reservoir of magic. (+10% MP)


Message History

The wyvern skeleton misses you.
You hit the wyvern skeleton.
The wyvern skeleton is heavily damaged.
The wyvern skeleton bites you.
The wyvern skeleton bites you but does no damage.
You barely miss the wyvern skeleton.
The wyvern skeleton is heavily damaged.
The wyvern skeleton barely misses you.
You hit the wyvern skeleton.
The wyvern skeleton is heavily damaged.
The wyvern skeleton bites you!
You completely miss the wyvern skeleton.
The wyvern skeleton is heavily damaged.
The wyvern skeleton bites you!
* * * LOW HITPOINT WARNING * * *
The wyvern skeleton closely misses you.
You puncture the wyvern skeleton!
The wyvern skeleton is severely damaged.
The wyvern skeleton bites you!
You die...

.#.# ... ## #..
#.. ...
#.###'#######
#...........#
#....Z....?..
..#....@.....<.
........#########
#######..........
#....#...#...#
#.#...........
#####.#..#...#...#
......#...........
......#..#########
..........#.....


You could see a wyvern skeleton.

Vanquished Creatures
  Natasha (D:3)
  An adder (D:2)
  A dart slug (D:1)
  A ball python (D:1)
  3 bats
  3 giant cockroaches
  9 hobgoblins
  6 kobolds
  A quokka (D:2)
  4 frilled lizards
  7 goblins
  4 rats
41 creatures vanquished.

Notes
Turn   | Place    | Note
-------+----------+-------------------------------------------
     0 | D:1      | Leibowitz the Demigod Gladiator began the quest for the Orb.
     0 | D:1      | Reached XP level 1. HP: 17/17 MP: 3/3
   256 | D:1      | Reached XP level 2. HP: 6/24 MP: 4/4
  1057 | D:2      | Reached XP level 3. HP: 14/29 MP: 5/5
  1492 | D:2      | Reached skill level 1 in Stealth
  1753 | D:3      | Noticed Natasha
  1758 | D:3      | Killed Natasha
  1758 | D:3      | Reached skill level 1 in Armour
  1805 | D:3      | Reached XP level 4. HP: 37/37 MP: 6/6
  1825 | D:3      | Mangled by a wyvern skeleton

Vault maps used:
D:1:      dpeg_arrival_refuge, minmay_misc_feat_columns, st_stairs_4,
          minmay_pentomino_q4
D:2:      interstate_on_off
D:3:      lemuel_coloured_pillars_altar, uniq_natasha

Skill      XL: |  1  2  3 |
---------------+----------+-----
Fighting       | 2 |  2.4
Dodging        | 3 |  3.1
Short Blades   | 3 |  3.2
Stealth        | 1 |  1.4
Armour         | 1 |  1.2
Throwing       | |  1.7

Action                   |  1- 3 |  4- 6 || total
-------------------------+-------+-------++-------
Melee: Rapier            |    99 |     9 ||   108
 Stab: Sleeping          |     5 |       ||     5
  Eat: Chunk             |     2 |       ||     2
Armor: Leather armour    |    20 |     2 ||    22
Dodge: Dodged            |    60 |     5 ||    65
